 Dungeon Crawl Stone Soup version 0.19-a0-1260-gc94d3f7 (webtiles) character file.

123 Leszczynek the Scratcher (level 4, 21/21 HPs)
             Began as a Felid Fighter on Aug 28, 2016.
             Was a Follower of Elyvilon.
             Quit the game on level 5 of the Dungeon.
             The game lasted 00:13:40 (4218 turns).

Leszczynek the Scratcher (Felid Fighter)            Turns: 4218, Time: 00:13:40

Health: 21/21      AC:  1    Str: 12    XL:     4   Next: 79%
Magic:  14/14      EV: 20    Int: 10    God:    Elyvilon [*.....]
Gold:   119        SH:  0    Dex: 16    Spells: 1 memorised, 0 levels left
                                        Lives:  0   Deaths: 1

rFire  . . .     SeeInvis +       - Unarmed
rCold  . . .     Gourm    .     (armour unavailable)
rNeg   . . .     Faith    .     (shield unavailable)
rPois  .         Spirit   .     (helmet unavailable)
rElec  .         Dismiss  .     (cloak unavailable)
rCorr  .         Reflect  .     (gloves unavailable)
MR     .....     Harm     .     (boots unavailable)
Stlth  +++.......               (no amulet)
                                (no ring)
                                o - ring of magical power

@: quick
A: no armour, no weapons or thrown items, claws 1, fangs 3, see invisible,
carnivore 3, speed 1, shaggy fur 1, slow metabolism 1, sharp paws
a: Lesser Healing, Divine Protection, Renounce Religion


You were on level 5 of the Dungeon.
You worshipped Elyvilon.
Elyvilon was aware of your devotion.
You were not hungry.

You visited 2 branches of the dungeon, and saw 6 of its levels.
You also visited: Ossuary.

You collected 119 gold pieces.

Inventory:

Jewellery
 o - a ring of magical power (left paw)
Scrolls
 d - 2 scrolls of enchant weapon {unknown}
 h - a scroll of blinking {unknown}
 i - a scroll of random uselessness {unknown}
 k - a scroll of identify {unknown}
 l - a scroll of fog {unknown}
 m - 2 scrolls of fear {unknown}
 q - 2 scrolls of teleportation {unknown}
 s - a scroll of magic mapping {unknown}
Potions
 a - 2 potions of might
 c - a potion of curing {unknown}
 e - a potion of magic {unknown}
 g - a potion of flight {unknown}
 j - 3 potions of heal wounds {unknown}
 n - a potion of agility
 p - 2 potions of haste {unknown}
Books
 r - a book of Frost

   Spells                             Type                      Level
   a - Freeze                         Ice                          1
   b - Throw Frost                    Conjuration/Ice              2
   c - Ozocubu's Armour               Charms/Ice                   3
   d - Throw Icicle                   Conjuration/Ice              4
   e - Summon Ice Beast               Ice/Summoning                4
Comestibles
 b - 2 meat rations
 f - 3 slices of pizza


   Skills:
 - Level 3.0 Fighting
 - Level 4.8 Dodging
 - Level 4.2 Stealth
 + Level 5.6 Unarmed Combat
 - Level 2.1 Charms


You couldn't memorise any spells.
You knew the following spells:

 Your Spells              Type           Power        Failure   Level  Hunger
a - Ozocubu's Armour      Chrm/Ice       #.......     77%         3    ####...


Dungeon Overview and Level Annotations

Branches:
Dungeon (5/15)             Temple (1/1) D:4

Altars:
Ashenzari
Cheibriados
Dithmenos
Elyvilon
Fedhas
Gozag
Hepliaklqana
Kikubaaqudgha
Makhleb
Nemelex Xobeh
Okawaru
Qazlal
Ru
Sif Muna
Trog
Uskayaw
Vehumet
Xom
Yredelemnul
Zin
The Shining One

Annotations:
D:1 exclusion: downstairs
D:2 exclusions: 2 adders and kobold
D:3 orc priest roaming, exclusion: adder
D:4 exclusions: ogre and orc wizard
D:5 sky beast, exclusions: skeleton and worker ant, Pikel, Sigmund


Innate Abilities, Weirdness & Mutations

You cannot wear armour.
You are incapable of wielding weapons or throwing items.
You have sharp claws.
You have razor-sharp teeth.
You have supernaturally acute eyesight. (SInv)
You are carnivorous and can eat meat at any time.
You cover ground quickly.
You are covered in fur. (AC +1)
You have a slow metabolism.
Your sharp claws are effective at attacking unaware monsters.


Message History

A hound comes into view.
The hound barks!
You scratch the gnoll.
The gnoll is almost dead.
The gnoll misses you.
You scratch the gnoll but do no damage.
The gnoll is almost dead.
The gnoll misses you. The gnoll hits you with a spear.
The gnoll hits you from afar with a spear!
You die...
The gnoll completely misses you.
You are now level 4!
You rejoin the land of the living...
An ogre, 3 slaves, Sigmund and Pikel come into view.
Pikel is wielding a whip of electrocution.
Pikel shouts!
Pikel says, "I'm sure they'll be treated well, anyway."
Found a trident.
Unknown command.
Are you sure you want to abandon this character and quit the game? (Confirm with "yes".)

........#
........##
#.........##
##..#.#.#..####
##
#....#..#....#
.# #....
####.###.# .#.#
#...#.# #
###...## ##@..#
#...)....#
#........#
#.p......#
..K.......#
..O.p......#
###@p......#
#........#


You could see Pikel, Sigmund (wandering), an ogre (wandering) and 3 slaves.

Vanquished Creatures
  A howler monkey (D:4)
  A giant frog skeleton (D:5)
  A worker ant (D:5)
  A mummy (Ossuary)
  2 gnolls
  2 adders
  An ooze (D:2)
  An adder zombie (Ossuary)
  3 dart slugs
  A worm (D:4)
  2 giant geckos
  5 orcs
  2 giant cockroaches (D:1)
  8 goblins
  6 hobgoblins
  8 kobolds
  5 quokkas
  4 bats
  8 giant newts
  5 hobgoblin zombies (Ossuary)
  2 jackal zombies (Ossuary)
  12 kobold zombies (Ossuary)
  5 orc zombies (Ossuary)
  3 rats
  2 rat zombies (Ossuary)
91 creatures vanquished.

Notes
Turn   | Place    | Note
-------+----------+-------------------------------------------
     0 | D:1      | Leszczynek the Felid Fighter began the quest for the Orb.
     0 | D:1      | Reached XP level 1. HP: 10/10 MP: 2/2
    47 | D:1      | Reached skill level 1 in Stealth
    91 | D:1      | Reached skill level 2 in Stealth
   196 | D:1      | Reached XP level 2. HP: 14/14 MP: 3/3
   390 | D:1      | Reached skill level 3 in Stealth
   636 | D:1      | Reached skill level 4 in Stealth
   636 | D:1      | Reached XP level 3. HP: 14/17 MP: 4/4
  1086 | D:2      | Found an opulent altar of Gozag.
  2173 | D:4      | Found a staircase to the Ecumenical Temple.
  2174 | D:4      | Found a sand-covered staircase.
  2194 | Temple   | Entered the Ecumenical Temple
  2276 | Temple   | Became a worshipper of Elyvilon the Healer
  2313 | D:4      | Reached XP level 4. HP: 21/21 MP: 5/5
  2324 | D:4      | Learned a level 3 spell: Ozocubu's Armour
  2358 | Ossuary  | Entered an ossuary
  2678 | Ossuary  | Reached skill level 5 in Unarmed Combat
  2678 | Ossuary  | Reached skill level 1 in Charms
  2718 | Ossuary  | HP: 1/21 [hobgoblin zombie (4)]
  2766 | Ossuary  | HP: 2/21 [jackal zombie (1)]
  2795 | Ossuary  | nope
  3147 | D:4      | Noticed an ogre
  3163 | D:4      | Reached XP level 5. HP: 24/24 MP: 6/6
  3525 | D:5      | Entered Level 5 of the Dungeon
  3543 | D:5      | Found a hide-covered altar of Uskayaw.
  3550 | D:5      | Noticed a sky beast
  3624 | D:5      | Reached * piety under Elyvilon
  3652 | D:5      | Reached skill level 2 in Charms
  3728 | D:5      | Found a deep blue altar of Sif Muna.
  3728 | D:5      | Found a shadowy altar of Dithmenos.
  4211 | D:5      | Slain by a gnoll
  4212 | D:5      | Reached XP level 4. HP: -2/21 MP: 14/14
  4217 | D:5      | Noticed Sigmund
  4217 | D:5      | Noticed Pikel
  4217 | D:5      | Noticed a slave
  4217 | D:5      | Noticed a slave
  4217 | D:5      | Noticed a slave
  4217 | D:5      | Noticed an ogre
  4218 | D:5      | Quit the game

Vault maps used:
D:1:      lemuel_arrival_cross, roderic_filled_cross, feat_on_display
D:2:      first_bread, grunt_gozag_statues
D:4:      enter_ossuary_5
D:5:      lemuel_crystal_altar, gammafunk_temple_overflow_wave, uniq_sigmund,
          uniq_pikel
Temple:   regret_index_temple_mists
Ossuary:  ossuary_tomb_1

Skill      XL: |  1  2  3  4  5 |
---------------+----------------+-----
Stealth        | 2 4 |  4.2
Unarmed Combat | 5 |  5.6
Charms         | 1 2 |  2.1
Fighting       | |  3.0
Dodging        | |  4.8

Action                   |  1- 3 |  4- 6 || total
-------------------------+-------+-------++-------
Melee: Unarmed           |    98 |   156 ||   254
       Bite              |     9 |    18 ||    27
       Punch             |       |     4 ||     4
 Stab: Sleeping          |    12 |     4 ||    16
       Distracted        |       |     1 ||     1
  Eat: Chunk             |    10 |     3 ||    13
Armor: Skin              |     3 |     2 ||     5
Dodge: Dodged            |    57 |   105 ||   162
